 Dungeon Crawl Stone Soup version 0.31-a0-1616-gbeaec30b81 (webtiles) character file.

Game seed: 13921017460706475908

55 CougarLife the Trooper (level 3, -4/33 HPs)
             Began as a Minotaur Fighter on Jan 10, 2024.
             Slain by an orc priest
             ... wielding a +3 hand axe
              (6 damage)
             ... on level 2 of the Dungeon.
             The game lasted 00:01:05 (1158 turns).

CougarLife the Trooper (Minotaur Fighter)           Turns: 1158, Time: 00:01:06

Health: -4/33      AC:  7    Str: 22    XL:     3   Next: 67%
Magic:  2/2        EV:  9    Int:  5    God:
Gold:   124        SH:  4    Dex:  9    Spells: 2/2 levels left

rFire   . . .        a - +0 war axe
rCold   . . .        c - +0 buckler
rNeg    . . .        b - +0 scale mail
rPois   .            (helmet restricted)
rElec   .            (no cloak)
rCorr   .            (no gloves)
SInv    .            (no boots)
Will    .....        (no amulet) Stlth
                     (no ring)
HPRegen 0.25/turn    (no ring)
MPRegen 0.08/turn

%: no passive effects
@: no status effects
A: horns 2, retaliatory headbutt
a: no special abilities


You were on level 2 of the Dungeon.
You visited 1 branch of the dungeon, and saw 2 of its levels.

You collected 124 gold pieces.

Inventory:

Hand Weapons
 a - a +0 war axe (weapon)
Missiles
 k - 3 poisoned darts (quivered)
Armour
 b - a +0 scale mail (worn)
 c - a +0 buckler (worn)
Scrolls
 e - 2 scrolls of revelation {unknown}
 g - 3 scrolls of poison {unknown}
 i - a scroll of silence {unknown}
Potions
 d - a potion of might
 f - 2 potions of curing {unknown}
 h - a potion of mutation {unknown}
 j - a potion of lignification {unknown}
 l - a potion of ambrosia {unknown}


   Skills:
 + Level 4.2 Fighting
 * Level 3.8 Axes
 - Level 4.0 Armour
 - Level 4.0 Shields


You had 2 spell levels left.
You didn't know any spells.
Your spell library was empty.

Dungeon Overview and Level Annotations

Branches:
Dungeon (2/15)

Altars:


Innate Abilities, Weirdness & Mutations

You have a pair of horns on your head.
You reflexively headbutt those who attack you in melee.


Message History

You kill the orc wizard!
Your Fighting skill increases to level 4!
Unknown command.
You're too confused to move!
The orc hits you with a +0 club.
You bump into the rock wall.
The orc hits you with a +0 club.
You barely miss the orc.
You feel less confused. You block the orc's attack.
The orc hits you but does no damage.
You hit the orc.
The orc is moderately wounded.
You block the orc's attack.
You closely miss the orc. You headbutt the orc.
You kill the orc!
You hit the orc priest.
The orc priest is moderately wounded.
The orc priest hits you with a +3 hand axe.
The orc priest hits you but does no damage.
You hit the orc priest.
The orc priest is heavily wounded.
The orc priest hits you with a +3 hand axe.
You closely miss the orc priest.
The orc priest is heavily wounded.
The orc priest hits you but does no damage.
You closely miss the orc priest. Your headbutt misses the orc priest.
The orc priest is heavily wounded.
The orc priest hits you with a +3 hand axe.
The orc priest begins to cast a cantrip, but forgets the words!
You barely miss the orc priest.
The orc priest is heavily wounded.
You block the orc priest's attack.
You closely miss the orc priest. Your headbutt misses the orc priest.
The orc priest is heavily wounded.
The orc priest calls down the wrath of Beogh upon you.
Beogh smites you!
Ouch! That really hurt!
* * * LOW HITPOINT WARNING * * *
You barely miss the orc priest.
The orc priest is heavily wounded.
The orc priest hits you with a +3 hand axe.
You die...

#.# .. #.# P . #.#
♣♣♣PPP #.#
♣♣♣PP♣P♣♣. #.#
♣PPP.P.P.# #.#
#....P.# #o#
##....## #o#
##.....##
#@######.......#
#..............#
#####..........###
#.............#
#..............
#..........#...
#......♣♣♣♣♣♣.#
#.....♣♣P..♣.♣#
#.....♣♣P.P.♣♣


You could see an orc priest and an orc.

Vanquished Creatures
  An orc wizard (D:2)
  An adder (D:2)
  An orc (D:2)
  4 ball pythons
  5 endoplasms
  2 goblins (D:1)
  A hobgoblin (D:1)
  A kobold (D:2)
  A quokka (D:1)
  A bat (D:1)
  A rat (D:2)
19 creatures vanquished.

Notes
Turn   | Place    | Note
-------+----------+-------------------------------------------
     0 | D:1      | CougarLife the Minotaur Fighter began the quest for the
                  | Orb.
     0 | D:1      | Reached XP level 1. HP: 19/19 MP: 0/0
   680 | D:1      | Reached XP level 2. HP: 26/26 MP: 1/1
  1089 | D:2      | Reached XP level 3. HP: 31/33 MP: 2/2
  1157 | D:2      | HP: 1/33 [orc priest/divine providence (17)]
  1158 | D:2      | Slain by an orc priest

Illustrated notes

Levels and vault maps discovered:
D:1:      dpeg_arrival_fog, layout_loops_corners, moated_statue,
          kennysheep_another_room, chequers_serial_rivers_small_3
D:2:      layout_loops_ring, serial_forest, infiniplex_forest_straight_2,
          infiniplex_forest_straight_2, infiniplex_forest_end_3,
          infiniplex_forest_end_2, infiniplex_forest_lined_3,
          infiniplex_forest_end_3, infiniplex_forest_clump_long,
          infiniplex_forest_clump_medium

Skill      XL: |  1  2  3 |
---------------+----------+-----
Armour         | 4 |  4.0
Shields        | 4 |  4.0
Axes           | 3 |  3.8
Fighting       | 4 |  4.2

Action                     || total
---------------------------++-------
  Melee: War axe           ||    56
         Headbutt          ||     5
 Armour: Scale mail        ||    40
  Dodge: Dodged            ||    16
  Block: Buckler           ||    12

Table legend: (Time is in decaauts)
 A = Elapsed time spent in this place.
 B = Non-inter-level travel time spent in this place.
 C = Inter-level travel time spent in this place.
 D = Time resting spent in this place.
 E = Time spent auto-exploring this place.
 F = Levels seen in this place.
 G = Mean time per level.
                   A        B        C        D        E       F      G
               +--------+--------+--------+--------+--------+-----+--------+
         Total |   1184 |   1170 |     14 |      0 |   1002 |   2 |  592.0 |
       Dungeon |   1184 |   1170 |     14 |      0 |   1002 |   2 |  592.0 |
               +--------+--------+--------+--------+--------+-----+--------+

Top non-repeatable levels by time:
     D:1: 929 daAuts
     D:2: 255 daAuts
